AoeStats
← AxD | Cad Bane

Pilgrims

508986269Analyzed
4v4 RM · 6d ago on Sep 25, 2026· 26m 10s· 8 players
Game mode
Random Map
Map size
Large (8 player)
Population
200
Speed
Normal
Resources
Standard
Victory
Conquest
Starting age
Dark Age
Ending age
Imperial Age
RankedLock teamsTeams togetherTeam positionsShared explorationLock speedFull tech treeHidden civsTurbo modeCheats
Victory
Defeat
🇧🇷 Danes · Brazil
1529
+13
🇺🇸 Wu · United States
1477
+15
🇲🇽 Mongols · Mexico
1453
+16
🇨🇳 Vikings · China
1447
+16
🇨🇱 Varangians · Chile
1597
-20
🇦🇷 Wei · Argentina
1517
-17
🇺🇾 Danes · Uruguay
1394
-13
🇦🇷 Vietnamese · Argentina
1325
-10
Niccals_
7:06 Loom
9:14 Feudal Age
10:06 Double-Bit Axe
10:13 Gold Mining
19:25 Castle Age
18:41 Stone Mining
19:14 Fletching
20:17 Wheelbarrow
21:08 Bow Saw
freedom is not free
8:21 Loom
10:51 Feudal Age
11:38 Fishing Lines
12:22 Town Watch
15:32 Castle Age
13:55 Gold Mining
13:58 Stone Mining
14:50 Fletching
15:15 Scale Mail Armor
15:26 Forging
15:13 Double-Bit Axe
16:40 Bodkin Arrow
16:52 Gillnets
24:23 Chain Mail Armor
25:12 Forging
25:33 Bow Saw
25:33 Gold Mining
busy pushing deer
12:58 Feudal Age
13:37 Fishing Lines
13:46 Double-Bit Axe
16:54 Castle Age
15:38 Fletching
15:58 Gold Mining
17:48 Medium Warships
17:39 Bodkin Arrow
17:55 Bow Saw
18:25 Gillnets
20:25 Gold Shaft Mining
20:59 Ballistics
20:51 Clinker Construction
21:02 Loom
21:52 Wheelbarrow
21:03 Town Watch
22:44 Siphons
24:38 Horse Collar
25:26 Heavy Plow
26:43 Hand Cart
26:21 Stone Mining
SeiyaPegasus
4:19 Loom
11:02 Feudal Age
11:59 Double-Bit Axe
16:13 Castle Age
14:25 Fishing Lines
17:06 Medium Warships
17:53 Bow Saw
17:44 Gillnets
19:04 Gold Mining
19:05 Stone Mining
18:58 Horse Collar
20:49 Wheelbarrow
22:29 Town Watch
24:03 Hand Cart
23:55 Heavy Plow
25:50 Scale Mail Armor
AxD | Empomeitor
7:25 Loom
12:58 Feudal Age
15:33 Double-Bit Axe
20:21 Castle Age
18:51 Stone Mining
20:05 Scale Mail Armor
23:38 Gold Mining
AxD | Cad Bane
5:26 Loom
11:29 Feudal Age
12:13 Double-Bit Axe
13:21 Fletching
14:39 Fishing Lines
19:43 Castle Age
20:40 Medium Warships
20:26 Bodkin Arrow
22:33 Ballistics
AxD | Keiokenkun-Uno-Puro
10:52 Feudal Age
15:36 Castle Age
19:04 Fishing Lines
AxD | Mauro
12:05 Feudal Age
14:29 Loom
16:08 Bloodlines
22:00 Horse Collar
22:07 Double-Bit Axe
25:19 Castle Age
Connection lost

Rejoining the realm…

Still unreachable

The connection could not be restored.

Session expired

The server has moved on; the page needs a fresh start.